 Dungeon Crawl Stone Soup version 0.27-a0-920-gb2bd10914a (webtiles) character file.

Game seed: 9782576791972308087

6 spiderkeys the Bolt Thrower (level 2, 18/18 HPs)
             Began as a Kobold Hunter on Apr 9, 2021.
             Was a Follower of Yredelemnul.
             Quit the game on level 1 of the Dungeon.
             The game lasted 00:01:13 (424 turns).

spiderkeys the Bolt Thrower (Kobold Hunter)          Turns: 424, Time: 00:01:13

Health: 18/18      AC:  3    Str:  9    XL:     2   Next: 0%
Magic:  2/2        EV: 14    Int: 12    God:    Yredelemnul [*.....]
Gold:   27         SH:  0    Dex: 15    Spells: 1/1 levels left

rFire    . . .     SeeInvis .   b - +0 short sword
rCold    . . .     Faith    .   (shield restricted)
rNeg     . . .     Spirit   .   c - +0 leather armour
rPois    .         Reflect  .   (no helmet)
rElec    .         Harm     .   (no cloak)
rCorr    .         Rampage  .   (no gloves)
Will     .....                  (no boots)
Stlth    +++.......             (no amulet)
HPRegen  0.06/turn              (no ring)
MPRegen  0.08/turn              (no ring)

@: no status effects
A: small, no large weapons, nightstalker 3
a: Renounce Religion, Animate Remains


You were on level 1 of the Dungeon.
You worshipped Yredelemnul.
Yredelemnul was aware of your devotion.
You visited 1 branch of the dungeon, and saw 1 of its levels.

You collected 27 gold pieces.

Inventory:

Hand Weapons
 a - a +1 hand crossbow
 b - a +0 short sword (weapon)
Missiles
 d - 20 bolts
Armour
 c - a +0 leather armour (worn)
Scrolls
 e - a scroll of enchant weapon {unknown}


   Skills:
 + Level 2.3 Fighting
 + Level 0.6 Short Blades
 + Level 4.9 Crossbows
 + Level 2.5 Dodging
 + Level 1.7 Stealth


You had one spell level left.
You didn't know any spells.
Your spell library contained the following spells:

 Spells                   Type           Power      Damage    Failure   Level
 Confusing Touch          Hex            0%         N/A       80%         3
 Gell's Gravitas          Tloc           0%         N/A       80%         3
 Petrify                  Tmut/Erth      0%         N/A       99%         4
 Metabolic Englaciation   Hex/Ice        0%         N/A       100%        5
 Yara's Violent Unravell  Hex/Tmut       0%         3d3       100%        5


Dungeon Overview and Level Annotations

Branches:
Dungeon (1/15)

Altars:
Yredelemnul


Innate Abilities, Weirdness & Mutations

You are small and have problems with some larger weapons.
You are completely attuned to the shadows.


Message History

You kill the ball python!
No target in view!
A giant cockroach comes into view.
A giant cockroach is nearby!
A giant cockroach is nearby!
A giant cockroach is nearby!
The giant cockroach misses you.
You hit the giant cockroach.
The giant cockroach is severely wounded.
The giant cockroach bites you but does no damage.
The giant cockroach barely misses you.
You hit the giant cockroach.
You kill the giant cockroach!
No target in view!
No target in view!
A bat comes into view.
A bat is nearby!
A bat is nearby!
A bat is nearby!
Found 9 gold pieces.
The helpless bat fails to defend itself.
You puncture the bat!
You kill the bat!
You have reached level 2!
You now have 14 gold pieces (gained 9).
e - a scroll labelled JEGEXT QAJILO You see here 19 stones.
You pick up a book of Misfortune and begin reading...
You add the spells Confusing Touch, Gell's Gravitas, Petrify, Metabolic Englaciation and Yara's Violent Unravelling to your library.
You now have 27 gold pieces (gained 13).
Found a stone staircase leading down.
There is a stone staircase leading down here.
Found a faded altar of an unknown god.
Found 20 stones.
There is a faded altar of an unknown god here.
You cannot tell which god this altar belongs to.
Convert to them anyway?
Yredelemnul accepts your prayer! Yredelemnul welcomes you!
You can now animate remains.
Are you sure you want to abandon this character and quit the game? (Confirm with "yes".)

##.#### #>........#
†.....# #.####.##.#
#####(# #.# #.##.# #
#.# #.# #.##.## #
#.# #.# ##.##..## #
#.# #.# #..##...#
#####.# #.#
#...⌠...# ......#
#.# #.......#
##.##.# #.# #..@.⌠.#
...##.###.# #.(...##
.......##.####⌠....#
##.............##.##
#.....###...... .#
.......#######
.......# .......#
#.....##


There were no monsters in sight!

Vanquished Creatures
  An endoplasm (D:1)
  A giant cockroach (D:1)
  A ball python (D:1)
  2 bats (D:1)
  A frilled lizard (D:1)
  A kobold (D:1)
7 creatures vanquished.

Notes
Turn   | Place    | Note
-------+----------+-------------------------------------------
     0 | D:1      | spiderkeys the Kobold Hunter began the quest for the Orb.
     0 | D:1      | Reached XP level 1. HP: 12/12 MP: 1/1
   340 | D:1      | Reached XP level 2. HP: 18/18 MP: 2/2
   418 | D:1      | Found a faded altar of an unknown god.
   423 | D:1      | Became a worshipper of Yredelemnul the Dark
   423 | D:1      | Reached * piety under Yredelemnul
   424 | D:1      | Quit the game

Illustrated notes

Levels and vault maps discovered:
D:1:      minmay_arrival_glassed_features, layout_loops_ring,
          hellmonk_ecumenical_altar_run_dry

Action                   || total
-------------------------++-------
Melee: Short sword       ||    18
 Fire: Hand crossbow     ||     2
 Stab: Sleeping          ||     3
Armor: Leather armour    ||    12
Dodge: Dodged            ||    15

Table legend: (Time is in decaauts)
 A = Elapsed time spent in this place.
 B = Non-inter-level travel time spent in this place.
 C = Inter-level travel time spent in this place.
 D = Time resting spent in this place.
 E = Time spent auto-exploring this place.
 F = Levels seen in this place.
 G = Mean time per level.
                   A        B        C        D        E       F      G
               +--------+--------+--------+--------+--------+-----+--------+
         Total |    425 |    425 |      0 |      0 |    363 |   1 |  425.0 |
       Dungeon |    425 |    425 |      0 |      0 |    363 |   1 |  425.0 |
               +--------+--------+--------+--------+--------+-----+--------+

Top non-repeatable levels by time:
     D:1: 425 daAuts
